 Dungeon Crawl Stone Soup version 0.16-a0-2034-ge585701 (webtiles) character file.

23 Demise101 the Caregiver (level 3, -1/26 HPs)
             Began as a Formicid Healer on Nov 10, 2014.
             Was a Believer of Elyvilon.
             Slain by a worm (5 damage)
             ... on level 2 of the Dungeon.
             The game lasted 00:03:24 (1477 turns).

Demise101 the Caregiver (Formicid Healer)           Turns: 1477, Time: 00:03:24

Health: -1/26      AC:  6    Str: 17    XL:     3   Next: 12%
Magic:  7/7        EV:  8    Int: 11    God:    Elyvilon [**....]
Gold:   54         SH:  0    Dex: 10    Spells: 0 memorised, 2 levels left

rFire  . . .     SeeInvis +     m - +3 hand axe (chop)
rCold  . . .     Clarity  .     r - +0 scale mail
rNeg   . . .     SustAb   .     (no shield)
rPois  .         Gourm    .     (helmet unavailable)
rElec  .         Spirit   .     (no cloak)
rCorr  .         Warding  .     (no gloves)
rMut   .         Stasis   +     (no boots)
MR     +....                    (no amulet)
Stlth  ..........               (no ring)
                                k - ring of protection from magic

@: somewhat resistant to hostile enchantments, extremely unstealthy
A: permanent stasis, dig shafts and tunnels, four strong arms, antennae 3
a: Dig, Shaft Self, Lesser Healing, Lesser Self-Healing, Divine Protection,
Purification, Renounce Religion


You were on level 2 of the Dungeon.
You worshipped Elyvilon.
Elyvilon was pleased with you.
You were not hungry.

You visited 1 branch of the dungeon, and saw 2 of its levels.

You collected 54 gold pieces.

Inventory:

Hand weapons
 f - a +0 club
 i - a +0 dagger
 m - a +3 hand axe of chopping (weapon)
Missiles
 h - 4 javelins of penetration (quivered)
Armour
 a - a +1 robe
 n - a +0 ring mail
 r - a +0 scale mail (worn)
Jewellery
 k - a ring of protection from magic (left hand)
 s - an uncursed ring of ice
Scrolls
 e - a scroll of identify
 g - a scroll of teleportation
 p - a scroll of enchant armour {unknown}
 q - a scroll of remove curse {unknown}
Potions
 b - a potion of curing
 c - a potion of heal wounds
 l - a potion of restore abilities
Comestibles
 d - 2 bread rations
 j - a meat ration
 o - a royal jelly
 t - 3 chunks of flesh


   Skills:
 - Level 1.1 Fighting
 - Level 1.7 Dodging
 + Level 4.6 Invocations


You had 2 spell levels left.
You didn't know any spells.

Dungeon Overview and Level Annotations

Branches:
Dungeon (2/15)

Altars:

Annotations:
D:2 Crazy Yiuf


Innate Abilities, Weirdness & Mutations

You are under a permanent stasis effect.
You can dig through walls and to a lower floor.
Your four strong arms can wield two-handed weapons with a shield.
You have a pair of large antennae on your head (SInv).


Message History

Your scale mail prevents you from hitting the worm.
The worm is lightly wounded.
You hit the worm.
The worm is moderately wounded.
The worm bites you.
You hit the worm.
The worm is heavily wounded.
The worm bites you.
You are too injured to fight recklessly!
You are too injured to fight recklessly!
You are too injured to fight recklessly!
You are too injured to fight recklessly!
You hit the worm.
The worm is severely wounded.
The worm bites you!
* * * LOW HITPOINT WARNING * * *
Your scale mail prevents you from hitting the worm.
The worm is severely wounded.
The worm bites you.
You die...

!.....................#.
#.......#.........###.#
##...#.#####.###### #.#
###.#.# #.# #<# #.#.#
#.# #.# #.#.### #.# #.#
#.....# #.# #.#
#.#.#.###.# #.# .
#.#@...##$. ... #.#
#.w##..#### #.# #.#
#......# #.. #.#
##.###.# ### #.# #.# #.#
#####.#####.###.#
#.##...........#...#
..........g#..#>### #
##........#..#.#


You could see a worm.

Vanquished Creatures
  A bat (D:2)
  A goblin (D:1)
  5 hobgoblins
  3 kobolds
  2 giant cockroaches (D:1)
  A jackal (D:1)
  4 rats (D:1)
17 creatures vanquished.

Vanquished Creatures (others)
  A hobgoblin (D:1)
1 creature vanquished.

Grand Total: 18 creatures vanquished

Notes
Turn   | Place    | Note
--------------------------------------------------------------
     0 | D:1      | Demise101, the Formicid Healer, began the quest for the Orb.
     0 | D:1      | Reached XP level 1. HP: 15/15 MP: 2/2
   585 | D:1      | Reached XP level 2. HP: 21/21 MP: 5/5
   603 | D:1      | Reached skill level 4 in Invocations
  1264 | D:2      | Noticed Crazy Yiuf
  1342 | D:2      | Reached XP level 3. HP: 24/26 MP: 7/7
  1477 | D:2      | Slain by a worm

Action                   || total
-------------------------++-------
Melee: Club              ||    21
       Unarmed           ||     6
       Dagger            ||    22
       Hand axe          ||    35
Invok: Lesser Healing    ||    21
 Abil: Dig               ||     1
  Use: Scroll            ||     4
  Eat: Chunk             ||     5
